 Dungeon Crawl Stone Soup version 0.30-a0-1116-gebefce21f7 (webtiles) character file.

Game seed: 7318992997932788521

3665 Chudface the Summoner (level 9, -7/40 HPs)
             Began as a Felid Summoner on Apr 21, 2023.
             Was an Elder of Nemelex Xobeh.
             Mangled by a yak (12 damage)
             ... on level 3 of the Lair of Beasts.
             The game lasted 01:30:00 (10464 turns).

Chudface the Summoner (Felid Summoner)             Turns: 10464, Time: 01:30:00

Health: -7/40      AC:  2    Str:  4    XL:     9   Next: 89%
Magic:  27/27      EV: 19    Int: 26    God:    Nemelex Xobeh [****..]
Gold:   598        SH:  0    Dex: 18    Spells: 2/19 levels left
                                        Lives:  0   Deaths: 2

rFire   . . .      SeeInvis +    (weapon unavailable)
rCold   . . .      Faith    .    (shield unavailable)
rNeg    . . .      Spirit   .    (body armour unavailable)
rPois   .          Reflect  .    (helmet unavailable)
rElec   .          Rampage  .    (cloak unavailable)
rCorr   .                        (gloves unavailable)
Will    +....                    (boots unavailable)
Stlth   +++                      (no amulet)
HPRegen 0.26/turn                c - ring of magical power
MPRegen 0.20/turn                i - +6 ring of intelligence

@: about to teleport, quick
A: very small, claws 1, fangs 3, see invisible, speed 1, shaggy fur 2, stealthy
paws, no weapons or thrown items, no armour, multi-lived
a: Renounce Religion, Draw Escape, Draw Destruction, Draw Summoning, Triple
Draw, Deal Four


You were on level 3 of the Lair of Beasts.
You worshipped Nemelex Xobeh.
Nemelex Xobeh was greatly pleased with you.
You visited 3 branches of the dungeon, and saw 14 of its levels.
You also visited: Volcano.

You collected 598 gold pieces.

Inventory:

Jewellery
 c - a ring of magical power (left paw)
 i - a +6 ring of intelligence (right paw)
 x - a +6 ring of strength
 E - a ring of fire
Wands
 q - a wand of paralysis (13)
 B - a wand of iceblast (7)
Scrolls
 b - a scroll of fear
 f - 2 scrolls of torment
 g - 2 scrolls of immolation
 k - a scroll of fog {unknown}
 m - 6 scrolls of teleportation
 o - a scroll of amnesia {unknown}
 t - 2 scrolls of butterflies
 u - 4 scrolls of blinking
 y - 3 scrolls of silence
 z - 2 scrolls of noise {unknown}
Potions
 a - 2 potions of magic
 d - 2 potions of berserk rage {unknown}
 e - a potion of mutation {unknown}
 h - 7 potions of curing
 j - a potion of invisibility {unknown}
 l - 3 potions of brilliance
 n - 6 potions of haste
 p - 3 potions of heal wounds
 r - 2 potions of ambrosia {unknown}
 s - 4 potions of might
 v - 2 potions of resistance {unknown}
 w - 2 potions of attraction {unknown}
 A - 2 potions of degeneration {unknown}
 C - a potion of cancellation {unknown}
 D - 2 potions of flight


   Skills:
 - Level 5.0 Fighting
 - Level 5.0 Dodging
 - Level 5.0 Stealth
 - Level 5.5 Spellcasting
 - Level 8.0 Hexes
 - Level 12.0 Summonings
 + Level 3.6 Translocations
 + Level 2.5 Ice Magic
 - Level 6.0 Air Magic
 - Level 8.1 Invocations
 - Level 4.0 Evocations


You had 2 spell levels left.
You knew the following spells:

 Your Spells              Type           Power      Damage    Failure   Level
a - Summon Small Mammal   Summ           100%       N/A       1%          1
b - Call Imp              Summ           100%       N/A       1%          2
c - Call Canine Familiar  Summ           62%        N/A       1%          3
d - Summon Guardian Gole  Hex/Summ       56%        N/A       1%          3
e - Summon Lightning Spi  Summ/Air       52%        N/A       1%          4
f - Summon Ice Beast      Ice/Summ       45%        N/A       3%          4

Your spell library contained the following spells:

 Spells                   Type           Power      Damage    Failure   Level
 Frozen Ramparts          Ice            40%        1d7       8%          3
 Summon Forest            Summ/Tloc      23%        N/A       9%          5
 Ice Form                 Ice/Tmut       13%        N/A       41%         4
 Summon Hydra             Summ           31%        N/A       41%         7
 Eringya's Noxious Bog    Tmut/Pois      3%         N/A       100%        6


Dungeon Overview and Level Annotations

Branches:
Dungeon (10/15)            Temple (1/1) D:6            Lair (3/5) D:10
 Shoals (0/4) Lair:3        Snake (0/4) Lair:2      Volcano (visited)
    Orc: D:9-12

Altars:
Ashenzari
Cheibriados
Dithmenos
Elyvilon
Fedhas
Gozag
Hepliaklqana
Makhleb
Nemelex Xobeh
Okawaru
Qazlal
Sif Muna
Trog
Uskayaw
Vehumet
Wu Jian
Xom
Yredelemnul
Zin
The Shining One

Annotations:
D:9 exclusion: downstairs
D:10 exclusion: orange crystal statue
Lair:2 exclusion: 2 downstairs


Innate Abilities, Weirdness & Mutations

You have sharp claws.
You have razor-sharp teeth.
You have supernaturally acute eyesight. (SInv)
You cover ground quickly. (Speed+)
You are covered in thick fur. (AC +2)
Your paws help you pounce on unaware monsters.
You are incapable of wielding weapons or throwing items.
You cannot wear armour.
You gain extra lives every three experience levels.


Message History

The air twists around and strikes you!!
You die...
You are now level 10!
You rejoin the land of the living...
You draw a card...
You have drawn the Illusion.
Suddenly you stand beside yourself. The manticore bites you!
The manticore closely misses you. The manticore claws you.
Okay, then.
You draw a card...
You have drawn the Elixir.
You begin rapidly regenerating health and magic.
The manticore bites you! The manticore claws you.
* * * LOW HITPOINT WARNING * * *
The manticore closely misses you.
You feel much better. The manticore bites you! The manticore claws you!
* * * LOW HITPOINT WARNING * * *
The manticore misses you.
You draw a card...
You have drawn Exile.
The plant is devoured by a tear in reality.
The manticore bites you!
You die...
The manticore misses you. x2
You are now level 9!
You rejoin the land of the living...
Found a trident and a brass ring. 5 yaks come into view.
As you read the scroll of teleportation, it crumbles to dust.
You feel strangely unstable.
The yak bellows!
The yak gores you! The yak barely misses you.
The yak bellows!
You draw a card...
You have drawn the Elixir.
You begin rapidly regenerating health and magic.
The yak barely misses you. The yak closely misses you. The yak gores you! x2
* * * LOW HITPOINT WARNING * * *
As you read the scroll of fear, it crumbles to dust.
You assume a fearsome visage.
The yak looks frightened! x2
The yak resists with some effort.
The yak looks frightened! x2
The yak gores you!
You die...
Your body glows slightly and disappears.

... ...
#.. ..#
..#
YY##
##...#
#@.Y.#
#..Y..#
##Y...#
##...P#
......
)=...#.
#...##
##..


You could see 5 yaks.

Vanquished Creatures
  A killer bee (D:9)
  A hound (D:6)
  An iguana (D:5)
  Natasha (D:4)
  An adder (D:4)
  An ufetubus (D:6)
  3 orcs
  4 endoplasms
  4 goblins
  4 hobgoblins
  A quokka (D:4)
  3 ball pythons
  3 bats (D:1)
  A frilled lizard (D:2)
  3 kobolds
  A rat (D:2)
33 creatures vanquished.

Vanquished Creatures (collateral kills)
  2 skeletal warriors (Volcano)
  6 cane toads
  2 gargoyles (Volcano)
  3 komodo dragons (Lair:1)
  Grinder (D:4)
  2 harpy skeletons (Volcano)
  A hornet (D:9)
  An alligator skeleton (Volcano)
  2 flying skulls (Volcano)
  2 wraiths
  Sigmund (D:4)
  12 yaks
  A steam dragon (D:7)
  2 nagas (Lair:2)
  9 water moccasins
  An orc warrior (D:8)
  An ice beast (D:6)
  2 ogres (D:7)
  2 black bears
  6 wolves
  A centaur (D:8)
  A phantom (D:5)
  5 kobold brigands
  Blork the orc (D:4)
  3 bullfrogs
  A gnoll sergeant (D:9)
  2 scorpions (D:5)
  7 wights
  8 killer bees
  A jelly (D:5)
  3 hounds
  5 iguanas
  An orc priest (D:8)
  A gnoll bouda (Lair:1)
  Natasha (D:4)
  2 sleepcaps
  2 orc wizards
  10 gnolls
  11 adders
  5 white imps
  An ufetubus (D:6)
  2 dart slugs
  11 orcs
  4 bats
  5 endoplasms
  2 giant cockroaches (D:2)
  3 hobgoblins (D:2)
  A quokka (D:4)
  5 ball pythons
  4 frilled lizards
  8 goblins
  20 kobolds
  4 rats
200 creatures vanquished.

Vanquished Creatures (others)
  2 gargoyles
  A komodo dragon (Lair:1)
  5 yaks
  Menkaure (D:5)
  An orc warrior (D:9)
  2 wights
  A killer bee (D:9)
  A spriggan skeleton (Volcano)
  A troll skeleton (Volcano)
  A hound (D:5)
  2 gnolls
  3 orcs (D:5)
  52 fungi
  43 plants
116 creatures vanquished.

Grand Total: 349 creatures vanquished

Notes
Turn   | Place    | Note
-------+----------+-------------------------------------------
     0 | D:1      | Chudface the Felid Summoner began the quest for the Orb.
     0 | D:1      | Reached XP level 1. HP: 7/7 MP: 4/4
   207 | D:1      | Reached XP level 2. HP: 11/11 MP: 4/6
   229 | D:1      | Learned a level 2 spell: Call Imp
   407 | D:1      | Reached XP level 3. HP: 12/14 MP: 7/7
   639 | D:2      | Found a blossoming altar of Fedhas.
   674 | D:2      | Learned a level 3 spell: Call Canine Familiar
   782 | D:2      | Found a faded altar of an unknown god.
  1035 | D:2      | Reached skill level 1 in Hexes
  1035 | D:2      | Reached XP level 4. HP: 14/18 MP: 5/8
  1454 | D:3      | Reached XP level 5. HP: 21/21 MP: 10/10
  1459 | D:3      | Learned a level 3 spell: Summon Guardian Golem
  1596 | D:4      | Noticed Sigmund
  2269 | D:4      | Noticed Blork the orc
  2281 | D:4      | Found a bloodstained altar of Trog.
  2345 | D:4      | Reached skill level 5 in Summonings
  2405 | D:5      | Entered Level 5 of the Dungeon
  2511 | D:5      | Gained mutation: You are covered in thick fur. (AC +2)
                  | [Felid growth]
  2511 | D:5      | Reached XP level 6. HP: 24/24 MP: 11/11
  2618 | D:5      | Noticed Menkaure
  2653 | D:4      | Noticed a water moccasin
  2841 | D:4      | Found a shadowy altar of Dithmenos.
  2858 | D:4      | Noticed Natasha
  2877 | D:4      | Noticed Grinder
  2940 | D:5      | Reached skill level 6 in Summonings
  3035 | D:5      | Found a burning altar of Makhleb.
  3063 | D:5      | Found an opulent altar of Gozag.
  3067 | D:5      | Reached XP level 7. HP: 27/27 MP: 12/12
  3212 | D:5      | Reached skill level 5 in Hexes
  3212 | D:5      | Reached skill level 7 in Summonings
  3271 | D:6      | You fall into a shaft and drop 1 floor!
  3346 | D:5      | Killed Menkaure
  3459 | D:4      | Killed Grinder
  3460 | D:4      | Reached skill level 8 in Summonings
  3460 | D:4      | Reached XP level 8. HP: 31/31 MP: 13/13
  3526 | D:4      | Killed Natasha
  3530 | D:4      | Killed Sigmund
  3531 | D:4      | Reached skill level 1 in Fighting
  3540 | D:4      | Noticed Natasha
  3542 | D:4      | Found an iron altar of Okawaru.
  3548 | D:4      | Killed Natasha
  3620 | D:4      | Killed Blork the orc
  3668 | D:4      | Learned a level 4 spell: Summon Lightning Spire
  4048 | D:6      | Reached skill level 1 in Air Magic
  4125 | D:6      | Found a staircase to the Ecumenical Temple.
  4150 | Temple   | Entered the Ecumenical Temple
  4162 | Temple   | Became a worshipper of Nemelex Xobeh the Trickster
  4327 | D:7      | Noticed a gargoyle
  4437 | D:7      | Found a shimmering blue altar of Sif Muna.
  4649 | D:7      | Reached skill level 1 in Invocations
  4821 | D:7      | Found a radiant altar of Vehumet.
  5002 | D:7      | Reached XP level 9. HP: 37/37 MP: 16/16
  5269 | D:7      | Killed a gargoyle
  5346 | D:7      | Reached skill level 9 in Summonings
  5532 | D:8      | Reached * piety under Nemelex Xobeh
  6129 | D:8      | Noticed a boulder beetle
  6129 | D:8      | Noticed a two-headed ogre
  6129 | D:8      | Noticed an unseen horror
  6164 | D:8      | Found a blossoming altar of Fedhas.
  6316 | D:8      | Reached skill level 5 in Spellcasting
  6419 | D:8      | Received a gift from Nemelex Xobeh
  6699 | D:9      | Reached skill level 5 in Air Magic
  6699 | D:9      | Reached XP level 10. HP: 42/42 MP: 16/18
  6791 | D:9      | Received a gift from Nemelex Xobeh
  6905 | D:10     | Entered Level 10 of the Dungeon
  6980 | D:9      | Reached skill level 5 in Stealth
  6986 | D:9      | Reached ** piety under Nemelex Xobeh
  7027 | D:9      | Found a stormy altar of Qazlal.
  7113 | D:9      | Reached skill level 5 in Dodging
  7113 | D:9      | Reached skill level 10 in Summonings
  7122 | D:9      | Identified the +0 ring mail of Dithmenos's Scorn {rF+}
  7247 | D:10     | Reached skill level 1 in Evocations
  7273 | D:10     | Noticed a two-headed ogre
  7815 | D:10     | Noticed an orange crystal statue
  7977 | D:10     | Reached skill level 5 in Invocations
  7983 | D:10     | Found a staircase to the Lair.
  7996 | Lair:1   | Entered Level 1 of the Lair of Beasts
  8167 | Lair:1   | Reached *** piety under Nemelex Xobeh
  8174 | Lair:1   | Noticed a cane toad
  8190 | Lair:1   | Killed a cane toad
  8191 | Lair:1   | Reached skill level 11 in Summonings
  8191 | Lair:1   | Reached XP level 11. HP: 46/46 MP: 1/19
  8328 | Lair:1   | Found a dark tunnel.
  8401 | Volcano  | Entered a volcano
  8602 | Volcano  | Received a gift from Nemelex Xobeh
  8750 | Volcano  | Noticed a skeletal warrior
  8901 | Volcano  | Killed a skeletal warrior
  8992 | Volcano  | Noticed a skeletal warrior
  8999 | Volcano  | Killed a skeletal warrior
  9496 | Lair:1   | Learned a level 4 spell: Summon Ice Beast
  9652 | Lair:2   | Reached skill level 1 in Ice Magic
  9706 | Lair:2   | Received a gift from Nemelex Xobeh
  9740 | Lair:2   | Reached skill level 12 in Summonings
  9784 | Lair:2   | Found a staircase to the Snake Pit.
  9791 | Lair:2   | Reached **** piety under Nemelex Xobeh
  9799 | Lair:2   | Reached skill level 5 in Fighting
  9801 | Lair:2   | Reached skill level 1 in Translocations
 10051 | Lair:2   | Received a gift from Nemelex Xobeh
 10291 | Lair:3   | Found a staircase to the Shoals.
 10457 | Lair:3   | Killed from afar by a wind drake
 10458 | Lair:3   | Reached XP level 10. HP: -6/44 MP: 24/28
 10461 | Lair:3   | Mangled by a manticore
 10462 | Lair:3   | Reached XP level 9. HP: -7/40 MP: 27/27
 10464 | Lair:3   | Mangled by a yak

Illustrated notes

Levels and vault maps discovered:
D:1:      dpeg_arrival_radiant, layout_rooms
D:2:      layout_loops_ring, shapermc_ecumenical_altar_venn, basic_altar
D:3:      layout_basic
D:4:      layout_cave_pools, okawaru_metal_pillars_1_2,
          nicolae_dithmenos_through_a_glass_darkly, kennysheep_mini_moat,
          grunt_ministairs_7, uniq_grinder, uniq_sigmund, uniq_natasha,
          uniq_blork_the_orc
D:5:      layout_basic, minitemple, minmay_misc_feat_rows, uniq_menkaure
D:6:      layout_rooms, temple_pool_b
D:7:      layout_loops_corners, mainiacjoe_overflow_tiny_flanked,
          lemuel_blue_sif_altar
D:8:      layout_loops_ring, lemuel_round_altar, kb_lookout_dungeons_type,
          st_stairs_1, lightli_corner_chamber
D:9:      layout_grid_maze, grunt_qazlal_clouds, abandoned_shop,
          minmay_quadrilaterals
D:10:     layout_cave_pools, mainiacjoe_overflow_big_doors,
          due_lair_maze_entry_diamond, erik_orc_1, minivault_16, dk_vineyard_1,
          nicolae_lava_and_water, hangedman_abyss_or_decor_lesser_grid
Temple:   minmay_freezing_vapour_temple
Lair:1:   layout_regular_city, nicolae_volcano_entry_two_sided,
          dreamdust_gnoll_shepherd
Lair:2:   layout_regular_city, guppyfry_snake_entry_island, minivault_23
Lair:3:   wad_woods_tower, layout_misc_corridors, minmay_shoals_entry_beasts,
          amcnicky_mini_pool_medium

Skill      XL: |  1  2  3  4  5  6  7  8  9 10 11 |
---------------+----------------------------------+-----
Stealth        | 3 4 5 |  5.0
Dodging        | 3 4 5 |  5.0
Hexes          | 1 4 6 7 8 |  8.0
Spellcasting   | 3 4 5 |  5.5
Summonings     | 5 6 8 9 11 12 | 12.0
Fighting       | 3 4 5 |  5.0
Air Magic      | 2 5 6 |  6.0
Invocations    | 1 3 6 8 |  8.1
Evocations     | 3 4 |  4.0
Ice Magic      | 2 |  2.5
Translocations | 3 |  3.6

Action                     |  1- 3 |  4- 6 |  7- 9 | 10-12 || total
---------------------------+-------+-------+-------+-------++-------
  Melee: Unarmed           |    48 |    45 |    31 |    14 ||   138
         Bite              |     3 |     5 |     3 |     4 ||    15
         Punch             |       |     1 |       |       ||     1
   Cast: Summon Small Mamm |    16 |    38 |    55 |    36 ||   145
         Call Imp          |    11 |    25 |    30 |    30 ||    96
         Call Canine Famil |       |     7 |    46 |    43 ||    96
         Summon Guardian G |       |       |    38 |    37 ||    75
         Summon Lightning  |       |       |       |    33 ||    33
         Summon Ice Beast  |       |       |       |     2 ||     2
 Invoke: Draw Escape       |       |       |     1 |     2 ||     3
         Draw Summoning    |       |       |       |     1 ||     1
         Draw Destruction  |       |       |       |     2 ||     2
    Use: Scroll            |     3 |     1 |     4 |     9 ||    17
         Potion            |       |       |       |     2 ||     2
   Stab: Sleeping          |     8 |    10 |     4 |     1 ||    23
         Distracted        |     1 |     1 |       |     1 ||     3
 Armour: Skin              |     2 |     4 |     4 |       ||    10
  Dodge: Dodged            |    42 |    45 |    59 |    41 ||   187

Table legend: (Time is in decaauts)
 A = Elapsed time spent in this place.
 B = Non-inter-level travel time spent in this place.
 C = Inter-level travel time spent in this place.
 D = Time resting spent in this place.
 E = Time spent auto-exploring this place.
 F = Levels seen in this place.
 G = Mean time per level.
                   A        B        C        D        E       F      G
               +--------+--------+--------+--------+--------+-----+--------+
         Total |   8960 |   7757 |   1203 |    898 |      0 |  15 |  597.3 |
       Dungeon |   6803 |   5744 |   1059 |    447 |      0 |  10 |  680.3 |
        Temple |     16 |     16 |      0 |      0 |      0 |   1 |   16.0 |
          Lair |   1475 |   1331 |    144 |    165 |      0 |   3 |  491.7 |
       Volcano |    665 |    665 |      0 |    286 |      0 |   1 |  665.0 |
               +--------+--------+--------+--------+--------+-----+--------+

Top non-repeatable levels by time:
     D:7: 1033 daAuts
     D:8: 964 daAuts
     D:9: 904 daAuts
     D:3: 878 daAuts
     D:5: 727 daAuts
  Lair:1: 708 daAuts
 Volcano: 665 daAuts
     D:2: 647 daAuts
  Lair:2: 629 daAuts
     D:4: 601 daAuts
     D:1: 409 daAuts
     D:6: 353 daAuts
    D:10: 283 daAuts
  Lair:3: 137 daAuts
  Temple: 16 daAuts
